 Dungeon Crawl Stone Soup version 0.17-a0-1519-g2001520 (webtiles) character file.

14870 Chiseanne the Thaumaturge (level 12, -1/102 HPs)
             Began as a Kobold Summoner on July 13, 2015.
             Was the Champion of Sif Muna.
             Shot with an arrow of frost by a centaur warrior (2 damage)
             ... on level 14 of the Dungeon.
             The game lasted 01:27:34 (20290 turns).

Chiseanne the Thaumaturge (Kobold Summoner)        Turns: 20290, Time: 01:27:34

Health: -1/102     AC: 26    Str:  7    XL:     12   Next: 50%
Magic:  21/27      EV:  3    Int: 20    God:    Sif Muna [******]
Gold:   1203       SH:  0    Dex: 25    Spells: 6 memorised, 14 levels left

rFire  + . .     SeeInvis +     a - +7 dagger of Zin's Approval {venom, Dex+5}
rCold  + . .     Clarity  .     (armour currently unavailable)
rNeg   + + +     SustAt   .     (shield restricted)
rPois  +         Gourm    .     (helmet currently unavailable)
rElec  .         Spirit   .     (cloak currently unavailable)
rCorr  .         Warding  .     (gloves currently unavailable)
rMut   .         NoTele   +     (boots currently unavailable)
MR     .....                    u - amulet of faith
Stlth  +++.......               t - ring of protection from cold
                                P - ring "Roarem" {rF+ Int+3 Dex+3 SInv}

@: tree-form, not resistant to hostile enchantments, fairly stealthy
A: carnivore 3
a: Channel Energy, Forget Spell, Renounce Religion


You were on level 14 of the Dungeon.
You worshipped Sif Muna.
Sif Muna was exalted by your worship.
You were completely stuffed.
You were a tree.
You visited 2 branches of the dungeon, and saw 15 of its levels.

You collected 1300 gold pieces.
You spent 97 gold pieces at shops.

Inventory:

Hand weapons
 a - the +7 dagger of Zin's Approval (weapon) {venom, Dex+5}
   (You found it on level 6 of the Dungeon)

   It poisons the flesh of those it strikes.
   It affects your dexterity (+5).
 d - a +1 war axe of flaming
 e - a +2 hunting sling of freezing
 q - the +3 arbalest of the Crawling Thing {freeze, rC++}
   (You found it on level 14 of the Dungeon)

   It causes projectiles fired from it to freeze those they strike, causing
   extra injury to most foes and up to half again as much damage against
   particularly susceptible opponents.
   They can also slow down cold-blooded creatures.
   It greatly protects you from cold.
 s - a +3 mace of protection
 w - a +4 blowgun
Missiles
 f - 28 sling bullets
 m - 4 throwing nets (quivered)
 o - 137 poisoned needles
 z - 80 bolts
 A - 10 silver sling bullets
Armour
 l - a +2 robe of the Archmagi (melded)
 p - a +0 pair of boots (melded)
 F - a +1 pair of gloves (melded)
 J - a +2 robe of cold resistance
 N - a +0 helmet (melded)
 Q - a troll hide
 U - a +0 shield of reflection {Donald}
Jewellery
 j - an uncursed ring of protection from magic
 t - a ring of protection from cold (right branch)
 u - an amulet of faith (around neck)
 v - an uncursed ring of ice
 P - the ring "Roarem" (left branch) {rF+ Int+3 Dex+3 SInv}
   (You found it on level 11 of the Dungeon)

   [ring of see invisible]

   It affects your intelligence (+3).
   It affects your dexterity (+3).
   It protects you from fire.
   It lets you see invisible.
 W - an uncursed amulet of regeneration {unknown}
Scrolls
 r - 3 scrolls of immolation
 C - a scroll of fog
 D - 4 scrolls of remove curse
 G - 2 scrolls of magic mapping
 K - a scroll of recharging
 R - 2 scrolls of amnesia
 S - a scroll of enchant armour
Potions
 g - 3 potions of might
 k - 2 potions of agility
 x - 2 potions of lignification
 B - a potion of cancellation {unknown}
 I - 4 potions of curing
 L - 2 potions of ambrosia
 M - a potion of berserk rage {unknown}
 O - a potion of flight {unknown}
 T - a potion of degeneration {unknown}
 X - 2 potions of resistance {unknown}
 Z - a potion of haste
Books
 b - a book of Callings

   Spells                             Type                      Level
   a - Summon Small Mammal            Summoning                    1
   b - Call Imp                       Summoning                    2
   c - Call Canine Familiar           Summoning                    3
   d - Summon Guardian Golem          Hexes/Summoning              3
   e - Summon Lightning Spire         Summoning/Air                4
   f - Summon Ice Beast               Ice/Summoning                4
 H - a book of Debilitation

   Spells                             Type                      Level
   a - Corona                         Hexes                        1
   b - Slow                           Hexes                        2
   c - Gell's Gravitas                Hexes/Translocation          3
   d - Inner Flame                    Hexes/Fire                   3
   e - Cause Fear                     Hexes                        4
   f - Leda's Liquefaction            Hexes/Earth                  4
 V - a book of Geomancy {god gift}

   Spells                             Type                      Level
   a - Sandblast                      Earth                        1
   b - Stoneskin                      Transmutation/Earth          2
   c - Passwall                       Transmutation/Earth          3
   d - Stone Arrow                    Conjuration/Earth            3
   e - Petrify                        Transmutation/Earth          4
   f - Lee's Rapid Deconstruction     Earth                        5
Comestibles
 c - 10 meat rations
 h - 9 slices of pizza
 i - a royal jelly
 n - 9 beef jerkies


   Skills:
 - Level 5.0 Fighting
 - Level 3.5 Armour
 - Level 8.5 Dodging
 - Level 2.6 Stealth
 * Level 2.9 Shields
 * Level 11.2 Spellcasting
 + Level 9.5 Summonings
 - Level 8.3 Invocations


You had 14 spell levels left.
You knew the following spells:

 Your Spells              Type           Power        Failure   Level  Hunger
a - Inner Flame           Hex/Fire       ##......     21%         3    None
b - Call Imp              Summ           #####...     1%          2    None
c - Call Canine Familiar  Summ           #####...     1%          3    None
d - Summon Guardian Gole  Hex/Summ       ####....     2%          3    None
e - Summon Ice Beast      Ice/Summ       ####....     10%         4    ##.....
f - Summon Lightning Spi  Summ/Air       ####....     10%         4    ##.....


Dungeon Overview and Level Annotations

Branches:
Dungeon (14/15)            Temple (1/1) D:5            Lair (0/8) D:9
 Vaults (0/5) D:13
    Orc: D:9-12

Altars:
Cheibriados
Elyvilon
Fedhas
Gozag
Kikubaaqudgha
Okawaru
Qazlal
Ru
Sif Muna
Trog
Vehumet
Xom
Zin

Shops:
D:4 (   D:7 %   D:9 }

Portals:
Trove: D:12 (give +3 fire dragon armour)

Annotations:
D:6 Dargon's ghost, experienced DrTm
D:10 Nattefrost's ghost, powerful MiFi
D:13 Rupert


Innate Abilities, Weirdness & Mutations

You are small and have problems with some larger weapons.
You are carnivorous and can eat meat at any time.


Message History

A beastly little devil appears in a puff of frigid air.
The centaur warrior shoots an arrow.
The arrow closely misses your warg. The arrow barely misses you.
The centaur warrior shoots an arrow of frost.
The arrow of frost hits your warg!! The arrow of frost freezes your warg.
Your warg dies!
Your warg's corpse disappears in a puff of smoke!
The centaur warrior shoots an arrow.
The arrow hits you!!
* * * LOW HITPOINT WARNING * * *
Drink which item? (? for menu, Esc to quit)
You turn into a tree.
Your +0 helmet melds into your body.
Your +1 pair of gloves melds into your body.
Your +0 pair of boots melds into your body.
Your +2 robe of the Archmagi melds into your body.
You feel strangely numb.
Your roots penetrate the ground.
The centaur warrior shoots an arrow of frost.
The arrow of frost hits you!
* * * LOW HITPOINT WARNING * * *
The arrow of frost freezes you.
You die...

#.(#++#$H# $#...H#( #c.....#
.+......+ .'......+
#c....C################### #....#
#................. #('#
######...#########
##########.(####♣(5..............
............Cc(..................
.............c5....#######.......
######..########...# #...####
.....^.............#######...####
.................................
..........########............##.
#######...# #.............#.
#...########...............


You could see a hill giant, 2 centaur warriors, a friendly iron imp and a
friendly white imp.

Vanquished Creatures
  Fannar (D:10)
  A skeletal warrior (D:11)
  2 manticores
  A troll (D:12)
  2 yaks (D:11)
  9 humans (D:13)
  2 basilisks
  2 hippogriffs
  A wolf (D:11)
  A hungry ghost (D:12)
  A water moccasin (D:3)
  2 orc warriors
  2 sky beasts
  A wasp (D:12)
  4 centaurs
  2 ogres
  An eye of draining (D:11)
  6 giant frogs
  A wight (D:12)
  A killer bee (D:7)
  A vampire bat (D:5)
  A crimson imp (D:8)
  4 orc priests
  2 centaur skeletons
  3 hounds
  3 orc wizards
  4 worker ants
  A killer bee zombie (D:11)
  A hound zombie (D:11)
  An adder (D:5)
  3 gnolls
  3 shadow imps
  An ooze (D:4)
  An adder zombie (D:6)
  2 giant geckos
  22 orcs
  2 bat skeletons
  A bat zombie (D:2)
  19 goblins
  15 hobgoblins
  8 jackals
  18 kobolds
  3 ball pythons
  12 bats
  3 giant cockroaches
  A giant newt (D:5)
  A quokka skeleton (D:6)
  6 rats
185 creatures vanquished.

Vanquished Creatures (collateral kills)
  Donald (D:13)
  Erolcha (D:11)
  A hydra (D:13)
  2 skeletal warriors
  2 hill giants
  A wizard (D:14)
  A manticore (D:11)
  An ugly thing (D:11)
  3 cyclopes
  3 centaur skeletons
  A gargoyle (D:13)
  A troll (D:13)
  Prince Ribbit (D:7)
  Sigmund (D:4)
  6 humans
  2 yaks
  A hog (D:9)
  A wyvern (D:14)
  3 wraiths
  Grum (D:11)
  A hippogriff (D:13)
  A wolf (D:11)
  A vampire mosquito (D:14)
  A mottled dragon (D:12)
  2 phantoms
  An ice beast (D:11)
  An orc warrior (D:6)
  2 sky beasts
  2 black bears
  7 centaurs
  A necrophage (D:12)
  5 ogres
  3 giant frogs
  3 big kobolds
  A gnoll sergeant (D:9)
  3 scorpions
  6 killer bees
  4 wights
  2 crimson imps (D:5)
  2 hounds
  9 orc priests
  A centaur zombie (D:6)
  2 jellies
  2 iguanas
  4 giant frog skeletons
  12 orc wizards
  7 worker ants
  2 sheep (D:9)
  9 gnolls
  10 adders
  An adder zombie (D:6)
  2 worms
  3 fire bats (D:5)
  2 giant geckos
  36 orcs
  2 spectral bats (D:5)
  3 bat skeletons
  A bat zombie (D:5)
  2 giant cockroaches
  15 hobgoblins
  7 jackals
  13 kobolds
  2 ball pythons
  A ball python zombie (D:2)
  7 bats
  A bat simulacrum (D:5)
  2 giant newts
  10 goblins
  A quokka skeleton (D:2)
  7 rats
  2 plants (D:8)
261 creatures vanquished.

Vanquished Creatures (others)
  A hydra (D:12)
  An unseen horror (D:12)
  2 skeletal warriors (D:11)
  A hill giant (D:11)
  A griffon (D:14)
  A troll (D:13)
  A human (D:12)
  A trapdoor spider (shapeshifter) (D:13)
  A hungry ghost (D:7)
  3 vampire mosquitoes (D:14)
  A hippogriff (D:8)
  A wasp (D:13)
  A wight (D:13)
  A giant cockroach (D:4)
  A hobgoblin (D:4)
  A bat (D:4)
  A giant gecko (D:4)
  5 fungi (D:13)
  2 plants
27 creatures vanquished.

Grand Total: 473 creatures vanquished

Notes
Turn   | Place    | Note
--------------------------------------------------------------
     0 | D:1      | Chiseanne the Kobold Summoner began the quest for the Orb.
     0 | D:1      | Reached XP level 1. HP: 10/10 MP: 3/3
   592 | D:1      | Reached XP level 2. HP: 8/16 MP: 0/5
   792 | D:1      | Learned a level 2 spell: Call Imp
  1410 | D:2      | Reached XP level 3. HP: 20/20 MP: 2/6
  1504 | D:2      | Reached skill level 1 in Fighting
  1846 | D:2      | Reached XP level 4. HP: 25/25 MP: 1/8
  1992 | D:2      | Learned a level 3 spell: Call Canine Familiar
  2585 | D:3      | Noticed a water moccasin
  2882 | D:3      | Reached XP level 5. HP: 29/31 MP: 0/9
  3036 | D:3      | Found a bloodstained altar of Trog.
  3387 | D:3      | Killed a water moccasin
  3682 | D:4      | Learned a level 3 spell: Summon Guardian Golem
  3710 | D:4      | Reached XP level 6. HP: 34/36 MP: 2/11
  3802 | D:4      | Found a shimmering altar of Xom.
  3970 | D:4      | Noticed Sigmund
  3984 | D:4      | Killed Sigmund
  3984 | D:4      | Reached skill level 1 in Armour
  4063 | D:4      | Found Romas's Antique Weapon Shoppe.
  4071 | D:4      | Bought a runed blowgun for 67 gold pieces
  4194 | D:4      | Found a snail-covered altar of Cheibriados.
  4199 | D:4      | Found a white marble altar of Elyvilon.
  4254 | D:4      | Reached XP level 7. HP: 41/41 MP: 10/12
  4645 | D:4      | Learned a level 4 spell: Summon Ice Beast
  4671 | D:5      | Entered Level 5 of the Dungeon
  5003 | D:5      | Found a sacrificial altar of Ru.
  5017 | D:5      | Found a staircase to the Ecumenical Temple.
  5060 | Temple   | Entered the Ecumenical Temple
  5064 | Temple   | Became a worshipper of Sif Muna the Loreminder
  5092 | D:5      | Reached skill level 5 in Summonings
  5517 | D:5      | Reached XP level 8. HP: 48/48 MP: 10/15
  6138 | D:6      | Noticed Dargon's ghost (experienced DrTm)
  6138 | D:6      | Reached skill level 5 in Spellcasting
  6643 | D:6      | Learned a level 4 spell: Summon Lightning Spire
  8829 | D:6      | Got a bloodstained dagger
  8830 | D:6      | Identified the +7 dagger of Zin's Approval {venom, Dex+5} (You found it on level 6 of the Dungeon)
  9009 | D:7      | Noticed Prince Ribbit
  9028 | D:7      | Killed Prince Ribbit
  9028 | D:7      | Acquired Sif Muna's first power
  9028 | D:7      | Reached XP level 9. HP: 53/53 MP: 2/17
  9039 | D:7      | Reached skill level 5 in Fighting
  9039 | D:7      | Reached skill level 6 in Spellcasting
  9310 | D:7      | Found Losuaduo's Food Emporium.
  9392 | D:7      | Bought a slice of pizza for 15 gold pieces
  9392 | D:7      | Bought a beef jerky for 15 gold pieces
  9424 | D:7      | Found a glowing silver altar of Zin.
  9424 | D:7      | Found an opulent altar of Gozag.
  9836 | D:7      | Reached skill level 5 in Dodging
 10779 | D:8      | Reached skill level 7 in Spellcasting
 10907 | D:8      | Acquired Sif Muna's second power
 11500 | D:8      | Found a stormy altar of Qazlal.
 11607 | D:9      | Found a staircase to the Lair.
 12172 | D:9      | Reached XP level 10. HP: 59/59 MP: 10/21
 12391 | D:9      | Found Nucif's Gadget Shoppe.
 12520 | D:10     | Entered Level 10 of the Dungeon
 12520 | D:10     | Noticed Fannar
 12548 | D:10     | Killed Fannar
 12548 | D:10     | Reached skill level 8 in Dodging
 12816 | D:10     | Noticed Nattefrost's ghost (powerful MiFi)
 13017 | D:10     | You fall through a shaft!
 13043 | D:11     | Noticed Erolcha
 13044 | D:11     | Noticed a hill giant
 13061 | D:11     | Killed Erolcha
 13337 | D:11     | Noticed Grum
 13360 | D:11     | Killed a hill giant
 13400 | D:11     | Killed Grum
 13579 | D:11     | Noticed a red ugly thing
 13595 | D:11     | Killed a red ugly thing
 13598 | D:11     | Reached skill level 9 in Spellcasting
 13661 | D:11     | Got a bound tin ring
 13747 | D:11     | Identified the ring "Roarem" {rF+ Int+3 Dex+3 SInv} (You found it on level 11 of the Dungeon)
 13936 | D:11     | Acquired Sif Muna's third power
 13936 | D:11     | Reached XP level 11. HP: 63/63 MP: 17/24
 14180 | D:11     | Reached skill level 5 in Invocations
 14245 | D:11     | Noticed a manticore
 14264 | D:11     | Noticed a cyclops
 14272 | D:11     | Killed a manticore
 14290 | D:11     | Killed a cyclops
 14755 | D:11     | Learned a level 3 spell: Inner Flame
 15177 | D:12     | Noticed a hill giant
 15186 | D:12     | Killed a hill giant
 15191 | D:12     | Found a deep blue altar of Sif Muna.
 15468 | D:12     | Noticed a manticore
 15476 | D:12     | Killed a manticore
 15607 | D:12     | Noticed a six-headed hydra
 15624 | D:12     | Killed a six-headed hydra
 15748 | D:12     | Found a portal to a secret trove of treasure.
 15763 | D:12     | Noticed a cyclops
 15774 | D:12     | Killed a cyclops
 15941 | D:12     | Reached skill level 10 in Spellcasting
 16380 | D:12     | Noticed a skeletal warrior
 16382 | D:12     | Noticed a skeletal warrior
 16385 | D:12     | Noticed a skeletal warrior
 16417 | D:11     | Killed a skeletal warrior
 16561 | D:12     | Noticed a skeletal warrior
 16612 | D:11     | Killed a skeletal warrior
 16862 | D:11     | Killed a skeletal warrior
 17161 | D:11     | Killed a skeletal warrior
 17222 | D:13     | Found a gate to the Vaults.
 17222 | D:13     | Noticed a skeletal warrior
 17222 | D:13     | Noticed Rupert
 17222 | D:13     | Noticed an unseen horror
 17222 | D:13     | Noticed Donald
 17264 | D:12     | Killed an unseen horror
 17525 | D:13     | Noticed an unseen horror
 17530 | D:13     | an unseen horror changed into a trapdoor spider
 18041 | D:13     | Killed a skeletal warrior
 18165 | D:13     | Reached XP level 12. HP: 64/68 MP: 26/26
 18248 | D:13     | Killed Donald
 18499 | D:13     | Reached skill level 1 in Shields
 18957 | D:13     | Found a blossoming altar of Fedhas.
 19031 | D:13     | Reached skill level 11 in Spellcasting
 19330 | D:13     | Noticed a five-headed hydra
 19358 | D:13     | Killed a five-headed hydra
 19358 | D:13     | Received a gift from Sif Muna
 19618 | D:14     | Got a warped arbalest
 19629 | D:14     | Identified the cursed +3 arbalest of the Crawling Thing {freeze, rC++} (You found it on level 14 of the Dungeon)
 20280 | D:14     | Noticed a centaur warrior
 20281 | D:14     | Noticed a centaur warrior
 20290 | D:14     | HP: 1/102 [centaur warrior/arrow of frost (14)]
 20290 | D:14     | Shot with an arrow of frost by a centaur warrior

Vault maps used:
D:1:      erik_arrival_blinker_ship
D:2:      serial_undead, serial_undead_e, serial_undead_b, serial_undead_a,
          serial_undead_c, guppyfry_early_orc_mine
D:3:      nicolae_overflow_crystal_walls, minivault_19, saegor_snake_ambush
D:4:      xom_confusion_cloud, minitemple, serial_shops,
          nicolae_shop_statue_plus, minmay_misc_feat_tiny, uniq_sigmund
D:5:      hangedman_ru_absence, minmay_temple_entry_statues_fountains,
          first_bread, goddamned_bats
D:7:      grunt_temple_overflow_gold_and_silver, serial_shops,
          nicolae_shop_scaring_up_business, uniq_prince_ribbit1
D:8:      corexii_shantytown, overflow_temple_1_default
D:9:      lair_0_dummy, serial_shops, shop, grunt_livestock
D:10:     david_orc_1_choice, serial_shops, nicolae_shop_window_shopping,
          uniq_fannar
D:11:     minmay_goldmine, uniq_erolcha, uniq_grum
D:12:     nicolae_trove_entry_crossroad, basic_altar
D:13:     david_vaults_3, fedhas_altar_3
D:14:     hangedman_decor_points, lightli_fourway_metalbox
Temple:   triangle_lava_temple_11

Action                   |  1- 3 |  4- 6 |  7- 9 | 10-12 || total
-------------------------+-------+-------+-------+-------++-------
Melee: Dagger            |    29 |       |   123 |   264 ||   416
       Unarmed           |     5 |       |       |       ||     5
       Mace              |    20 |    59 |    95 |    14 ||   188
 Fire: Blowgun           |       |       |    32 |    29 ||    61
       Hunting sling     |       |       |     1 |       ||     1
 Cast: Summon Small Mamm |    18 |     3 |     2 |     3 ||    26
       Call Imp          |    20 |    46 |   105 |    70 ||   241
       Call Canine Famil |       |     4 |    46 |    42 ||    92
       Summon Guardian G |       |       |    14 |    68 ||    82
       Summon Ice Beast  |       |       |     2 |    47 ||    49
       Summon Lightning  |       |       |       |     1 ||     1
Invok: Channel Energy    |       |       |       |    22 ||    22
  Use: Scroll            |     3 |     4 |    11 |    11 ||    29
       Potion            |       |     3 |       |     3 ||     6
 Stab: Sleeping          |     3 |     1 |    15 |    11 ||    30
       Distracted        |       |     1 |     2 |    11 ||    14
  Eat: Chunk             |    13 |    11 |    31 |    32 ||    87
